 Dungeon Crawl Stone Soup version 0.27.1-33-g824d729ab1 (webtiles) character file.

Game seed: 4476368836679031674

53 Descartes the Conjurer (level 3, -5/19 HPs)
             Began as a Deep Elf Conjurer on Dec 30, 2021.
             Slain by a +3 quarterstaff of flaming (7 damage)
             ... created by the rancor of the Wu Jian Council
             ... on level 2 of the Dungeon.
             The game lasted 00:03:59 (1859 turns).

Descartes the Conjurer (Deep Elf Conjurer)          Turns: 1859, Time: 00:03:59

Health: -5/19      AC: -6    Str:  4    XL:     3   Next: 64%
Magic:  8/10       EV: 13    Int: 23    God:
Gold:   85         SH:  0    Dex: 13    Spells: 4/10 levels left

rFire    . . .     SeeInvis .   m - +1 dagger (pain)
rCold    . . .     Faith    .   (no shield)
rNeg     . . .     Spirit   .   a - +0 robe
rPois    .         Reflect  .   (no helmet)
rElec    .         Harm     .   (no cloak)
rCorr    .         Rampage  .   (no gloves)
Will     .....                  (no boots)
Stlth    ++........             (no amulet)
HPRegen  0.06/turn              (no ring)
MPRegen  0.12/turn              (no ring)

@: corroded, very slightly contaminated
A: no striking features
a: no special abilities


You were on level 2 of the Dungeon.
You visited 1 branch of the dungeon, and saw 2 of its levels.

You collected 85 gold pieces.

Inventory:

Hand Weapons
 k - a +0 dagger
 m - a +1 dagger of pain (weapon)
Missiles
 d - 85 stones
 l - 13 arrows
Armour
 a - a +0 robe (worn)
Scrolls
 e - a scroll of magic mapping {unknown}
 f - a scroll of identify {unknown}
 g - a scroll of vulnerability {unknown}
 i - a scroll of enchant armour {unknown}
 n - a scroll of teleportation {unknown}
Potions
 b - a potion of mutation {unknown}
 c - 2 potions of flight {unknown}
 h - a potion of brilliance {unknown}
 j - 2 potions of heal wounds {unknown}


   Skills:
 + Level 3.4 Dodging
 - Level 2.4 Stealth
 + Level 4.0 Spellcasting
 + Level 4.9 Conjurations


You had 4 spell levels left.
You knew the following spells:

 Your Spells              Type           Power      Damage    Failure   Level
a - Magic Dart            Conj           100%       1d8       1%          1
b - Searing Ray           Conj           54%        3d5       1%          2
c - Mephitic Cloud        Conj/Pois/Air  12%        N/A       16%         3

Your spell library contained the following spells:

 Spells                   Type           Power      Damage    Failure   Level
 Dazzling Flash           Conj/Hex       32%        N/A       11%         3
 Call Imp                 Summ           4%         N/A       16%         2
 Slow                     Hex            4%         N/A       16%         2
 Confusing Touch          Hex            4%         N/A       30%         3
 Fulminant Prism          Conj/Hex       8%         3d7       36%         4
 Iskenderun's Mystic Bla  Conj/Tloc      16%        2d5       36%         4
 Yara's Violent Unravell  Hex/Tmut       2%         3d3       96%         5


Dungeon Overview and Level Annotations

Branches:
Dungeon (2/15)

Altars:
Wu Jian


Message History

Aiming: Magic Dart (safe; 1% risk of failure)
Press: ? - help, Shift-Dir - straight line, f/p - worm
Aim: a worm (severely wounded, 100% to hit)
The magic dart hits the worm.
The worm is severely wounded.
Casting: Magic Dart (safe; 1% risk of failure)
Confirm with . or Enter, or press ? or * to list all spells.
Aiming: Magic Dart (safe; 1% risk of failure)
Press: ? - help, Shift-Dir - straight line, f/p - worm
Aim: a worm (severely wounded, 100% to hit)
The magic dart hits the worm.
The worm is severely wounded.
The worm bites you.
Casting: Magic Dart (safe; 1% risk of failure)
Confirm with . or Enter, or press ? or * to list all spells.
Aiming: Magic Dart (safe; 1% risk of failure)
Press: ? - help, Shift-Dir - straight line, f/p - worm
Aim: a worm (severely wounded, 100% to hit)
The magic dart hits the worm!
You kill the worm!
Sifu Yunchang says: Suffer, mortal!
The rancor of the Wu Jian Council corrodes you! 3 dancing weapons come into view.
There is a +0 vorpal dire flail.
There is a +3 quarterstaff of flaming.
There is a +2 glaive of flaming.
You see here 19 stones.
You see here a hobgoblin corpse.
Casting: Magic Dart (safe; 1% risk of failure)
Confirm with . or Enter, or press ? or * to list all spells.
Aiming: Searing Ray (safe; 1% risk of failure)
Press: ? - help, Shift-Dir - straight line You miscast Searing Ray.
You are very lightly contaminated with residual magic.
Nothing appears to happen.
The +3 quarterstaff of flaming hits you.
The +3 quarterstaff of flaming burns you.
The +3 quarterstaff of flaming hits you!
Ouch! That really hurt!
* * * LOW HITPOINT WARNING * * *
The +3 quarterstaff of flaming burns you!
You die...

# .# ######)### #...†$....
#.#...†.. ##.#..#.##
#.#####.........
############...@(((.#..#.# #.
#..........########†#†(#.##..##.
#.########.# #(.((....).##. #.#
#.# ####.########. #.# #.# ##.##
#.. ##<## ##.# #...# #.. #...#
#..# #...# #.. ....#### #.##
#...# #.. .......###.######
#...######.#


You could see 3 dancing weapons.

Vanquished Creatures
  An adder (D:2)
  A worm (D:2)
  A dart slug (D:2)
  4 ball pythons (D:1)
  4 endoplasms
  A giant cockroach (D:1)
  3 goblins
  7 hobgoblins
  2 quokkas (D:1)
  3 bats
  A frilled lizard (D:1)
  6 kobolds
  4 rats (D:1)
38 creatures vanquished.

Notes
Turn   | Place    | Note
-------+----------+-------------------------------------------
     0 | D:1      | Descartes the Deep Elf Conjurer began the quest for the
                  | Orb.
     0 | D:1      | Reached XP level 1. HP: 10/10 MP: 6/6
   368 | D:1      | Reached XP level 2. HP: 15/15 MP: 6/8
  1278 | D:2      | Reached XP level 3. HP: 19/19 MP: 7/10
  1335 | D:2      | Learned a level 2 spell: Searing Ray
  1339 | D:2      | Learned a level 3 spell: Mephitic Cloud
  1604 | D:2      | Found a faded altar of an unknown god.
  1611 | D:2      | Became a worshipper of the Wu Jian Council
  1611 | D:2      | Reached * piety under Wu Jian
  1612 | D:2      | Fell from the grace of Wu Jian
  1850 | D:2      | Noticed a +0 vorpal dire flail
  1850 | D:2      | Noticed a +3 quarterstaff of flaming
  1850 | D:2      | Noticed a +2 glaive of flaming
  1859 | D:2      | Slain by a +3 quarterstaff of flaming

Illustrated notes

Levels and vault maps discovered:
D:1:      amcnicky_arrival_single_pillar, layout_basic, minmay_distorted
D:2:      layout_loops_cross, ebering_ecumenical_altar_ruins,
          serial_park_tiny_pond

Skill      XL: |  1  2  3 |
---------------+----------+-----
Dodging        | 3 |  3.4
Spellcasting   | 4 |  4.0
Stealth        | |  2.4
Conjurations   | |  4.9

Action                   || total
-------------------------++-------
 Cast: Magic Dart        ||    76
Invok: Renounce Religion ||     1
Armor: Robe              ||     1
Dodge: Dodged            ||     1
